 Dungeon Crawl Stone Soup version 0.27-a0-101-g3cb999cee2 (webtiles) character file.

Game seed: 5203048672633673987

31 hehateme the Digger (level 3, 0/20 HPs)
             Began as a Kobold Earth Elementalist on Jan 21, 2021.
             Slain by a jackal (3 damage)
             ... on level 2 of the Dungeon.
             The game lasted 00:02:28 (1609 turns).

hehateme the Digger (Kobold Earth Elementalist)     Turns: 1609, Time: 00:02:28

Health: 0/20       AC:  2    Str:  5    XL:     3   Next: 40%
Magic:  6/6        EV: 15    Int: 17    God:
Gold:   33         SH:  0    Dex: 15    Spells: 6/7 levels left

rFire    . . .     SeeInvis .   f - +0 dagger
rCold    . . .     Faith    .   (shield restricted)
rNeg     . . .     Spirit   .   c - +0 robe
rPois    .         Reflect  .   (no helmet)
rElec    .         Harm     .   (no cloak)
rCorr    .         Rampage  .   (no gloves)
Will     .....                  (no boots)
Stlth    +++.......             (no amulet)
HPRegen  0.06/turn              (no ring)
MPRegen  0.10/turn              (no ring)

@: no status effects
A: small, nightstalker 3
a: no special abilities


You were on level 2 of the Dungeon.
You visited 1 branch of the dungeon, and saw 2 of its levels.

You collected 33 gold pieces.

Inventory:

Hand Weapons
 f - a +0 dagger (weapon)
Armour
 c - a +0 robe (worn)
Scrolls
 a - a scroll of teleportation {unknown}
 b - 6 scrolls of identify {unknown}
 d - a scroll of amnesia {unknown}
 e - a scroll of fear {unknown}
 g - a scroll of remove curse {unknown}


   Skills:
 + Level 1.2 Fighting
 - Level 2.4 Dodging
 - Level 2.6 Stealth
 + Level 2.6 Spellcasting
 - Level 1.0 Transmutations
 * Level 3.7 Earth Magic


You had 6 spell levels left.
You knew the following spells:

 Your Spells              Type           Power        Failure   Level
a - Sandblast             Erth           28%          4%          1

Your spell library contained the following spells:

 Spells                   Type           Power        Failure   Level
 Passwall                 Tmut/Erth      8%           11%         2
 Stone Arrow              Conj/Erth      16%          26%         3
 Petrify                  Tmut/Erth      10%          56%         4
 Lee's Rapid Deconstruct  Erth           7%           73%         5


Dungeon Overview and Level Annotations

Branches:
Dungeon (2/15)

Altars:

Annotations:
D:2 Terence


Innate Abilities, Weirdness & Mutations

You are small and have problems with some larger weapons.
You are completely attuned to the shadows.


Message History

You hit the jackal. The hobgoblin barely misses you. The jackal misses you.
You hit the jackal. The jackal misses you.
The jackal stops to sniff the ground.
The hobgoblin misses you.
You closely miss the jackal. The jackal bites you.
* * * LOW HITPOINT WARNING * * *
The hobgoblin hits you.
* * * LOW HITPOINT WARNING * * *
The jackal bites you.
* * * LOW HITPOINT WARNING * * *
You take 5 damage, and have 3/20 hp.
GAME OVER YEAH!!
You don't know that spell.
You hit the jackal.
You kill the jackal!
The hobgoblin closely misses you.
You barely miss the jackal. The jackal closely misses you.
The hobgoblin misses you. The jackal closely misses you.
You hit the jackal. The hobgoblin barely misses you. The jackal bites you.
You die...

#.# #.# #.### #.#
....#####.## #.#.##.....#
....##.##..###
....##.##....## ########
..........###.## ##.......
..........# #..###........
.....#.##.###..g@h........
....##.##....#####........
....##.##..### ##.......
#.#.##.##..# ##...#.##
#....#. #..#######..#...#
....... #..........###..
#..... #.########..# .#
....#. #.# #.... .#.##
##.## #.###

Skill      XL: |  1  2 |
---------------+-------+-----
Fighting       | 1 |  1.2
Dodging        | |  2.4
Stealth        | |  2.6
Spellcasting   | |  2.6
Transmutations | |  1.0
Earth Magic    | |  3.7

Notes
Turn   | Place    | Note
-------+----------+-------------------------------------------
     0 | D:1      | hehateme the Kobold Earth Elementalist began the quest for
                  | the Orb.
     0 | D:1      | Reached XP level 1. HP: 10/10 MP: 3/3
   260 | D:1      | Reached XP level 2. HP: 16/16 MP: 1/5
   725 | D:1      | Reached skill level 1 in Fighting
   960 | D:1      | Reached XP level 3. HP: 20/20 MP: 4/6
  1430 | D:2      | Noticed Terence
  1606 | D:2      | HP: 4/20 [hobgoblin (3)]
  1609 | D:2      | Slain by a jackal

Table legend: (Time is in decaauts)
 A = Elapsed time spent in this place.
 B = Non-inter-level travel time spent in this place.
 C = Inter-level travel time spent in this place.
 D = Time resting spent in this place.
 E = Time spent auto-exploring this place.
 F = Levels seen in this place.
 G = Mean time per level.
                   A        B        C        D        E       F      G
               +--------+--------+--------+--------+--------+-----+--------+
         Total |   1608 |   1470 |    138 |     44 |   1284 |   2 |  804.0 |
       Dungeon |   1608 |   1470 |    138 |     44 |   1284 |   2 |  804.0 |
               +--------+--------+--------+--------+--------+-----+--------+

Top non-repeatable levels by time:
     D:1: 1412 daAuts
     D:2: 196 daAuts

Table legend:
 A = Kills in this place as a percentage of kills in entire the game.
 B = Kills by you in this place as a percentage of kills by you in the entire game.
 C = Kills by friends in this place as a percentage of kills by friends in the entire game.
 D = Other kills in this place as a percentage of other kills in the entire game.
 E = Experience gained in this place as a percentage of experience gained in the entire game.
 F = Experience gained in this place divided by the number of levels of this place that you have seen.
                   A       B       C       D       E      F
               +-------+-------+-------+-------+-------+----------------------
         Total | 100.0 | 100.0 |   N/A |   N/A | 100.0 |  22.5
       Dungeon | 100.0 | 100.0 |   N/A |   N/A | 100.0 |  22.5
               +-------+-------+-------+-------+-------+----------------------

Action                   || total
-------------------------++-------
Melee: Unarmed           ||    22
       Dagger            ||    27
 Cast: Sandblast         ||    31
 Stab: Sleeping          ||     1
Armor: Robe              ||     6
Dodge: Dodged            ||    51

Vanquished Creatures
  2 giant cockroaches (D:1)
  5 goblins
  2 hobgoblins
  5 jackals
  A quokka (D:2)
  3 bats (D:1)
  2 frilled lizards (D:1)
  3 kobolds (D:1)
  4 rats (D:1)
27 creatures vanquished. You could see a jackal and a hobgoblin.

Levels and vault maps discovered:
D:1:      dpeg_arrival_water_fire, layout_basic, roderic_roman_lattice,
          minmay_pentomino_x2
D:2:      layout_loops_ring, chequers_ecumenical_altar_grove, uniq_terence
